 Dungeon Crawl Stone Soup version 0.25.0-11-g1f837a76a1 (webtiles) character file.

Game seed: 13694357037247337648

22 grindst0ne the Scratcher (level 2, -1/12 HPs)
             Began as a Felid Transmuter on June 25, 2020.
             Slain by a jackal (2 damage)
             ... on level 1 of the Dungeon.
             The game lasted 00:01:57 (477 turns).

grindst0ne the Scratcher (Felid Transmuter)          Turns: 477, Time: 00:01:58

Health: -1/12      AC:  1    Str:  6    XL:     2   Next: 68%
Magic:  5/6        EV: 18    Int: 14    God:
Gold:   39         SH:  0    Dex: 16    Spells: 2/5 levels left
                                        Lives:  0   Deaths: 0

rFire    . . .     SeeInvis +     - Unarmed
rCold    . . .     Gourm    .   (shield unavailable)
rNeg     . . .     Faith    .   (armour unavailable)
rPois    .         Spirit   .   (helmet unavailable)
rElec    .         Reflect  .   (cloak unavailable)
rCorr    .         Harm     .   (gloves unavailable)
MR       .....                  (boots unavailable)
Stlth    ++........             (no amulet)
HPRegen  0.04/turn              (no ring)
MPRegen  0.10/turn              (no ring)

@: appendage, very slightly contaminated, quick
A: very small, no armour, no weapons or thrown items, stealth, claws 1, fangs 3,
horns 2, see invisible, carnivore, speed 1, shaggy fur 1, slow metabolism 1,
sharp paws
a: End Transformation


You were on level 1 of the Dungeon.
You were completely stuffed.
You had grown temporary horns.
You visited 1 branch of the dungeon, and saw 1 of its levels.

You collected 39 gold pieces.

Inventory:

Missiles
 a - 11 arrows
Jewellery
 b - a cursed amulet of inaccuracy {unknown}
Scrolls
 d - a scroll of identify {unknown}
Potions
 e - a potion of heal wounds {unknown}
Comestibles
 c - 2 rations
 f - a chunk of flesh


   Skills:
 + Level 1.4 Fighting
 + Level 3.0 Dodging
 + Level 0.9 Stealth
 * Level 3.3 Unarmed Combat
 - Level 2.0 Spellcasting
 + Level 2.5 Transmutations


You had 2 spell levels left.
You knew the following spells:

 Your Spells              Type           Power        Failure   Level  Hunger
a - Beastly Appendage     Tmut           #.....       9%          1    ##.....
b - Sticks to Snakes      Tmut           #.......     13%         2    ###....

Your spell library contained the following spells:

 Spells                   Type           Power        Failure   Level  Hunger
 Spider Form              Tmut/Pois      #.........   38%         3    ####...
 Ice Form                 Ice/Tmut       #.......     80%         4    #####..
 Blade Hands              Tmut           #.........   93%         5    ######.


Dungeon Overview and Level Annotations

Branches:
Dungeon (1/15)

Altars:


Innate Abilities, Weirdness & Mutations

You cannot wear armour.
You are incapable of wielding weapons or throwing items.
Your paws allow you to move quietly. (Stealth)
You have sharp claws.
You have razor-sharp teeth.
You have supernaturally acute eyesight. (SInv)
You are carnivorous and can eat meat at any time.
You cover ground quickly.
You are covered in fur. (AC +1)
You have a slow metabolism.
Your sharp claws are effective at attacking unaware monsters.
You have a pair of horns on your head.


Message History

The jackal misses you. x2
Casting: Beastly Appendage (safe; 9% risk of failure)
Confirm with . or Enter, or press ? or * to list all spells.
You grow a pair of large bovine horns.
The jackal bites you.
You closely miss the jackal. Your bite misses the jackal.
The jackal is moderately wounded.
The jackal bites you.
You closely miss the jackal.
The jackal is moderately wounded.
The jackal bites you. The jackal barely misses you.
You barely miss the jackal.
The jackal is moderately wounded.
The jackal bites you.
* * * LOW HITPOINT WARNING * * *
You scratch the jackal but do no damage.
The jackal is moderately wounded.
The jackal bites you.
* * * LOW HITPOINT WARNING * * *
The jackal bites you.
You die...

###########
#.........########
#............hh@.#
#..........#####.#
######.#.#.#..##.#
#....h....#.#
#####..##.#...#
#####......##.#.###
..†............>#
#####.####....###
#............#


You could see 2 jackals.

Vanquished Creatures
  An ooze (D:1)
  A dart slug (D:1)
  A ball python (D:1)
  2 goblins (D:1)
  3 hobgoblins (D:1)
  3 bats (D:1)
  2 kobolds (D:1)
13 creatures vanquished.

Vanquished Creatures (collateral kills)
  4 jackals (D:1)
4 creatures vanquished.

Grand Total: 17 creatures vanquished

Notes
Turn   | Place    | Note
-------+----------+-------------------------------------------
     0 | D:1      | grindst0ne the Felid Transmuter began the quest for the
                  | Orb.
     0 | D:1      | Reached XP level 1. HP: 9/9 MP: 4/4
   152 | D:1      | Reached XP level 2. HP: 10/12 MP: 4/6
   430 | D:1      | Learned a level 2 spell: Sticks to Snakes
   477 | D:1      | Slain by a jackal

Illustrated notes

Levels and vault maps discovered:
D:1:      lemuel_arrival_cross, layout_basic

Skill      XL: |  1  2 |
---------------+-------+-----
Dodging        | 3 |  3.0
Fighting       | |  1.4
Stealth        | |  0.9
Unarmed Combat | |  3.3
Spellcasting   | |  2.0
Transmutations | |  2.5

Action                   || total
-------------------------++-------
Melee: Unarmed           ||    48
       Headbutt          ||    10
       Bite              ||     5
 Cast: Beastly Appendage ||    10
       Sticks to Snakes  ||     1
  Eat: Chunk             ||     7
Armor: Skin              ||     3
Dodge: Dodged            ||    53
